 Dungeon Crawl Stone Soup version 0.25-a0-279-g53730b6a6f (webtiles) character file.

Game seed: 8842776345649251384, levelgen mode: deterministic

100 Anathary the Covert (level 4, -1/29 HPs)
             Began as an Octopode Assassin on Dec 10, 2019.
             Slain by an adder (2 damage)
             ... on level 2 of the Dungeon.
             The game lasted 00:04:06 (1125 turns).

Anathary the Covert (Octopode Assassin)             Turns: 1125, Time: 00:04:07

Health: -1/29      AC:  1    Str: 10    XL:     4   Next: 73%
Magic:  4/4        EV: 13    Int: 13    God:
Gold:   72         SH:  0    Dex: 14    Spells: 3/3 levels left

rFire    . . .     SeeInvis .   a - +2 dagger
rCold    . . .     Gourm    .   (no shield)
rNeg     . . .     Faith    .   (helmet restricted)
rPois    .         Spirit   .   (no amulet)
rElec    .         Reflect  .   (no ring)
rCorr    .         Harm     .   (no ring)
MR       .....                  (no ring)
Stlth    +++++.....             (no ring)
HPRegen  0.09/turn              (no ring)
MPRegen  0.09/turn              (no ring)
                                (no ring)
                                (no ring)

@: lethally poisoned (-1 -> -7)
A: almost no armour, stealthy swim, amphibious, 8 rings, constrict 8, camouflage
1, gelatinous body 1
a: no special abilities


You were on level 2 of the Dungeon.
You were hungry.

You visited 1 branch of the dungeon, and saw 2 of its levels.

You collected 72 gold pieces.

Inventory:

Hand Weapons
 a - a +2 dagger (weapon)
Missiles
 b - 8 poisoned darts (quivered)
 c - 2 curare-tipped darts
Jewellery
 n - an uncursed amulet of guardian spirit {unknown}
Scrolls
 f - a scroll of teleportation
 h - a scroll of immolation {unknown}
 i - a scroll of remove curse {unknown}
 k - a scroll of identify {unknown}
 m - a scroll of magic mapping {unknown}
Potions
 e - a potion of curing {unknown}
 g - a potion of berserk rage {unknown}
 j - a potion of heal wounds {unknown}
 l - 2 potions of brilliance {unknown}
Comestibles
 d - a ration


   Skills:
 - Level 2.0 Fighting
 - Level 2.0 Short Blades
 - Level 2.0 Throwing
 + Level 1.3 Dodging
 + Level 8.1 Stealth


You had 3 spell levels left.
You didn't know any spells.
Your spell library was empty.

Dungeon Overview and Level Annotations

Branches:
Dungeon (2/15)

Altars:


Innate Abilities, Weirdness & Mutations

You cannot wear most types of armour.
You are very stealthy in the water. (Stealth+)
You are amphibious.
You can wear up to eight rings at the same time.
You can use your tentacles to constrict eight enemies at once.
Your skin changes colour to match your surroundings (Stealth+).
Your rubbery body absorbs attacks. (AC +1, EV +1)


Message History

* * * LOW HITPOINT WARNING * * *
You are lethally poisoned!
The adder poisons you!
You barely miss the adder. Your grab misses the adder.
The adder is moderately wounded.
* * * LOW HITPOINT WARNING * * *
You feel sick. The adder bites you.
* * * LOW HITPOINT WARNING * * *
You barely miss the adder. You grab the adder. Your squeeze misses the adder.
The adder is moderately wounded.
You constrict the adder. The adder closely misses you.
You hit the adder. Your squeeze misses the adder.
The adder is severely wounded.
You constrict the adder.
* * * LOW HITPOINT WARNING * * *
You feel sick. The adder misses you.
You barely miss the adder.
The adder is severely wounded.
You constrict the adder. The adder bites you.
You die...

(..#####.....##...#
.......#.....##...#
.......#.....######
.......####.##
....... #.# .......
#.# .......## #)#
.......S# #.#####
.......@# #[....#
.#.####†# #.##.##
#(# ####.# #.# #.#
#.# #.# #.# #.#
#.######.#
#........#
##########


You could see an adder.

Vanquished Creatures
  Jessica (D:2)
  3 adders (D:2)
  2 dart slugs
  3 leopard geckos
  5 giant cockroaches
  6 goblins (D:1)
  5 hobgoblins
  A ball python (D:1)
  3 bats (D:1)
  A frilled lizard (D:1)
  7 kobolds
  3 rats (D:1)
40 creatures vanquished.

Notes
Turn   | Place    | Note
-------+----------+-------------------------------------------
     0 | D:1      | Anathary the Octopode Assassin began the quest for the Orb.
     0 | D:1      | Reached XP level 1. HP: 14/14 MP: 1/1
   124 | D:1      | Reached XP level 2. HP: 17/19 MP: 2/2
   131 | D:1      | Reached skill level 6 in Stealth
   463 | D:1      | Reached XP level 3. HP: 23/24 MP: 3/3
   860 | D:2      | Reached skill level 7 in Stealth
  1047 | D:2      | Reached XP level 4. HP: 29/29 MP: 4/4
  1101 | D:2      | Noticed Jessica
  1113 | D:2      | Killed Jessica
  1113 | D:2      | Reached skill level 8 in Stealth
  1122 | D:2      | HP: 1/29 [adder (4)]
  1125 | D:2      | Slain by an adder

Levels and vault maps discovered:
D:1:      minmay_arrival_stone_box, layout_loops_ring, kennysheep_another_room
D:2:      layout_basic, uniq_jessica, uniq_natasha

Skill      XL: |  1  2  3  4 |
---------------+-------------+-----
Stealth        | 6 7 8 |  8.1
Fighting       | |  2.0
Short Blades   | |  2.0
Throwing       | |  2.0
Dodging        | |  1.3

Action                   |  1- 3 |  4- 6 || total
-------------------------+-------+-------++-------
Melee: Dagger            |    54 |    17 ||    71
       Constrict         |    12 |     5 ||    17
       Tentacles         |     5 |     2 ||     7
  Use: Scroll            |     1 |       ||     1
 Stab: Sleeping          |    19 |     1 ||    20
Armor: Skin              |     7 |     1 ||     8
Dodge: Dodged            |    23 |    10 ||    33

Table legend:
 A = Non-vault XP
 B = Vault XP
 C = Vault XP percentage of total XP
 D = Non-vault monster count
 E = Vault monster count
 F = Vault count percentage of total count
                 A         B        C        D         E       F
            +---------+---------+-------+---------+---------+-------
      Total |     106 |      37 |  25.9 |      39 |       1 |   2.5
            +---------+---------+-------+---------+---------+-------
        D:1 |      44 |       0 |   0.0 |      25 |       0 |   0.0
        D:2 |      62 |      37 |  37.4 |      14 |       1 |   6.7
            +---------+---------+-------+---------+---------+-------
